 Dungeon Crawl Stone Soup version 0.29-a0-887-gcbe080d7e0 (webtiles) character file.

Game seed: 10000941235155060394

333 quixfox the Digger (level 6, -5/32 HPs)
             Began as a Gargoyle Earth Elementalist on July 20, 2022.
             Slain by Edmund
             ... wielding a +0 flail of protection
              (6 damage)
             ... on level 5 of the Dungeon on July 21, 2022.
             The game lasted 00:11:45 (4311 turns).

quixfox the Digger (Gargoyle Earth Elementalist)    Turns: 4311, Time: 00:11:46

Health: -5/32      AC:  6    Str: 12    XL:     6   Next: 53%
Magic:  6/12       EV: 11    Int: 17    God:
Gold:   208        SH:  0    Dex: 10    Spells: 7/13 levels left

rFire   . . .      SeeInvis .   c - +0 whip
rCold   . . .      Faith    .   (no shield)
rNeg    + . .      Spirit   .   a - +0 robe
rPois   ∞          Reflect  .   (no helmet)
rElec   +          Harm     .   (no cloak)
rCorr   .          Rampage  .   (no gloves)
Will    .....                   (no boots)
Stlth   ++........              (no amulet)
HPRegen 0.10/turn               (no ring)
MPRegen 0.13/turn               (no ring)

@: brilliant
A: sickness immunity, AC +4, negative energy resistance 1, electricity
resistance, torment resistance 1, petrification resistance
a: no special abilities


You were on level 5 of the Dungeon.
You visited 1 branch of the dungeon, and saw 5 of its levels.

You collected 208 gold pieces.

Inventory:

Hand Weapons
 c - a +0 whip (weapon)
Armour
 a - a +0 robe (worn)
Magical Staves
 m - a staff of fire
Scrolls
 e - a scroll of fear
 f - a scroll of teleportation
 i - 2 scrolls of vulnerability {unknown}
 k - 2 scrolls of immolation {unknown}
 q - a scroll of amnesia {unknown}
 r - a scroll of summoning {unknown}
Potions
 b - a potion of magic
 d - a potion of brilliance
 g - a potion of lignification
 h - a potion of attraction {unknown}
 j - 2 potions of flight
 l - 2 potions of curing
 n - a potion of berserk rage
 o - 2 potions of haste


   Skills:
 - Level 1.5 Dodging
 - Level 2.1 Stealth
 + Level 4.1 Spellcasting
 + Level 3.0 Conjurations
 - Level 0.7 Transmutations
 + Level 6.0 Earth Magic


You had 7 spell levels left.
You knew the following spells:

 Your Spells              Type           Power      Damage    Failure   Level
a - Sandblast             Erth           72%        2d16      1%          1
b - Stone Arrow           Conj/Erth      56%        3d10      7%          3
c - Passwall              Tmut/Erth      18%        N/A       6%          2

Your spell library contained the following spells:

 Spells                   Type           Power      Damage    Failure   Level
 Static Discharge         Conj/Air       13%        3-5/arc   13%         2
 Slow                     Hex            20%        N/A       16%         1
 Petrify                  Tmut/Erth      22%        N/A       36%         4
 Confusing Touch          Hex            5%         N/A       43%         3
 Vampiric Draining        Necr           5%         2d6       43%         3
 Lightning Bolt           Conj/Air       6%         1d18      93%         5
 Maxwell's Capacitive Co  Air            2%         ∞         100%        8


Dungeon Overview and Level Annotations

Branches:
Dungeon (5/15)
 Temple: D:4-7

Altars:
Dithmenos
The Shining One

Annotations:
D:5 Edmund


Innate Abilities, Weirdness & Mutations

You are immune to sickness and miasma.
Your stone body is resilient. (AC +4)
You are immune to poison.
You resist negative energy. (rN+)
You are resistant to electric shocks. (rElec)
You are resistant to unholy torment.
You are immune to petrification.


Message History

Edmund is lightly wounded.
Edmund hits you with a +0 flail of protection!
You feel a surge of power!
The blast of sand hits Edmund!
Edmund is moderately wounded.
Edmund hits you with a +0 flail of protection.
Edmund misses you.
You feel a surge of power!
The blast of sand hits Edmund but does no damage.
Edmund is moderately wounded.
Edmund barely misses you.
Edmund hits you with a +0 flail of protection!
You are too injured to fight recklessly!
Aiming: Sandblast (safe; 1% risk of failure)
Press: ? - help, Q - select action, (/) - cycle Shift-Dir - straight line, f/p - Edmund
Aim: Edmund, wielding a +0 flail of protection and wearing a +0 chain mail (moderately wounded, 87% to hit)
You feel a surge of power!
The blast of sand hits Edmund!
Edmund is severely wounded.
Edmund barely misses you. Edmund hits you but does no damage.
Aiming: Sandblast (safe; 1% risk of failure)
Press: ? - help, Q - select action, (/) - cycle Shift-Dir - straight line, f/p - Edmund
Aim: Edmund, wielding a +0 flail of protection and wearing a +0 chain mail (severely wounded, 87% to hit)
You feel a surge of power!
The blast of sand misses Edmund.
Edmund hits you but does no damage. Edmund closely misses you.
Aiming: Sandblast (safe; 1% risk of failure)
Press: ? - help, Q - select action, (/) - cycle Shift-Dir - straight line, f/p - Edmund
Aim: Edmund, wielding a +0 flail of protection and wearing a +0 chain mail (severely wounded, 87% to hit)
You feel a surge of power!
The blast of sand hits Edmund but does no damage.
Edmund is severely wounded.
Edmund hits you with a +0 flail of protection.
* * * LOW HITPOINT WARNING * * *
Edmund completely misses you.
Aiming: Sandblast (safe; 1% risk of failure)
Press: ? - help, Q - select action, (/) - cycle Shift-Dir - straight line, f/p - Edmund
Aim: Edmund, wielding a +0 flail of protection and wearing a +0 chain mail (severely wounded, 87% to hit)
You feel a surge of power!
The blast of sand misses Edmund.
Edmund hits you with a +0 flail of protection!
* * * LOW HITPOINT WARNING * * *
Edmund hits you with a +0 flail of protection.
You die...

#...)..#
###.##.#########
#.....@......#
####.#######.#
#.# #.# #.# #.#
#.#######.#
.........@#
#.#######@# #>#
###)# ..#
#.).#########
#.#..........
#.##########.
##.## #####...#
#....###.###
#.##.# ...


You could see Edmund.

Vanquished Creatures
  An orc priest (D:4)
  A hound (D:4)
  An iguana (D:5)
  Natasha (thrice) (D:2)
  4 gnolls (D:5)
  6 adders
  A worm (D:5)
  A dart slug (D:4)
  3 orcs (D:4)
  4 bats
  7 endoplasms
  5 giant cockroaches
  11 goblins
  8 hobgoblins
  4 jackals (D:3)
  5 kobolds
  3 quokkas
  4 ball pythons
  4 frilled lizards
  5 rats
81 creatures vanquished.

Notes
Turn   | Place    | Note
-------+----------+-------------------------------------------
     0 | D:1      | quixfox the Gargoyle Earth Elementalist began the quest for
                  | the Orb.
     0 | D:1      | Reached XP level 1. HP: 10/10 MP: 3/3
   413 | D:1      | Reached skill level 4 in Earth Magic
   413 | D:1      | Reached XP level 2. HP: 15/15 MP: 1/5
  1008 | D:2      | Reached XP level 3. HP: 18/19 MP: 3/6
  1163 | D:2      | Noticed Natasha
  1168 | D:2      | Killed Natasha
  1207 | D:2      | Learned a level 3 spell: Stone Arrow
  1210 | D:2      | Learned a level 2 spell: Passwall
  1402 | D:2      | Reached XP level 4. HP: 24/24 MP: 6/8
  1639 | D:2      | Reached skill level 5 in Earth Magic
  1684 | D:2      | Noticed Natasha
  1686 | D:2      | Killed Natasha
  1687 | D:2      | Reached skill level 1 in Conjurations
  1943 | D:2      | Reached XP level 5. HP: 23/28 MP: 5/10
  2049 | D:2      | Noticed Natasha
  2053 | D:2      | Killed Natasha
  2577 | D:3      | Found a faded altar of an unknown god.
  3066 | D:4      | Found a shadowy altar of Dithmenos.
  3478 | D:4      | Reached XP level 6. HP: 25/32 MP: 7/11
  3630 | D:4      | Found a glowing golden altar of the Shining One.
  4092 | D:5      | Entered Level 5 of the Dungeon
  4190 | D:5      | Reached skill level 6 in Earth Magic
  4284 | D:5      | Noticed Edmund
  4302 | D:5      | Upgraded the game from 0.29-a0-885-gb26ba3297d to
                  | 0.29-a0-887-gcbe080d7e0
  4311 | D:5      | HP: 1/32 [Edmund/+0 flail of protection (8)]
  4311 | D:5      | Slain by Edmund

Illustrated notes

Levels and vault maps discovered:
D:1:      nicolae_arrival_somewhat_less_tricky_arrival, layout_basic
D:2:      layout_basic, minmay_goblin_outpost, uniq_natasha
D:3:      layout_basic, hellmonk_ecumenical_altar_pennies_from_heaven
D:4:      layout_loops_corners, mainiacjoe_overflow_small_starburst,
          mainiacjoe_overflow_six_doors_small, hangedman_decor_growths
D:5:      layout_loops_ring, minmay_temple_entry_hall, uniq_edmund

Skill      XL: |  1  2  3  4  5  6 |
---------------+-------------------+-----
Earth Magic    | 4 5 6 |  6.0
Spellcasting   | 3 4 |  4.1
Conjurations   | 1 2 3 |  3.0
Dodging        | |  1.5
Stealth        | |  2.1
Transmutations | |  0.7

Action                   |  1- 3 |  4- 6 || total
-------------------------+-------+-------++-------
 Cast: Sandblast         |    39 |    89 ||   128
  Use: Scroll            |       |     9 ||     9
       Potion            |       |     1 ||     1
Armor: Robe              |     3 |    18 ||    21
Dodge: Dodged            |     7 |    32 ||    39

Table legend: (Time is in decaauts)
 A = Elapsed time spent in this place.
 B = Non-inter-level travel time spent in this place.
 C = Inter-level travel time spent in this place.
 D = Time resting spent in this place.
 E = Time spent auto-exploring this place.
 F = Levels seen in this place.
 G = Mean time per level.
                   A        B        C        D        E       F      G
               +--------+--------+--------+--------+--------+-----+--------+
         Total |   4441 |   4301 |    140 |    912 |   2341 |   5 |  888.2 |
       Dungeon |   4441 |   4301 |    140 |    912 |   2341 |   5 |  888.2 |
               +--------+--------+--------+--------+--------+-----+--------+

Top non-repeatable levels by time:
     D:4: 1154 daAuts
     D:2: 1113 daAuts
     D:1: 1031 daAuts
     D:3: 906 daAuts
     D:5: 235 daAuts
